Map: Nightshade LE

Players

Kazid - Winner!

  • Race: Protoss Protoss
  • League: Silver
  • Spawn Location: 5:00

antagomiR

  • Race: Protoss Protoss
  • League: Gold
  • Spawn Location: 11:00

VOD

Have the link to the VOD?

Description

Time

  • Played on: April 15, 2020, 11:28 p.m.
  • Length: 8:27
Show
View Real Time Build Order
Export as new Build Order

Kazid Protoss - Winner!

Build Orders:  

Get SALT Encoding   

  12  0:02  Probe (Chrono Boost)  
  13  0:13  Probe (Chrono Boost)  
  14  0:21  Pylon  
  14  0:23  Probe  
  15  0:41  Forge  
  15  1:11  Pylon  
  15  1:15  Pylon  
  15  1:45  Pylon  
  15  2:05  Photon Cannon  
  15  2:11  Pylon  
  15  2:29  Pylon  
  15  2:33  Pylon  
  15  2:56  Photon Cannon  
  15  2:58  Photon Cannon  
  15  3:01  Pylon  
  15  3:05  Photon Cannon  
  15  3:14  Pylon  
  15  3:20  Pylon  
  15  3:30  Pylon  
  15  3:31  Pylon  
  15  3:32  Pylon  
  15  3:47  Pylon  
  15  3:48  Pylon  
  15  3:51  Pylon  
  15  3:58  Photon Cannon  
  15  4:00  Photon Cannon  
  15  4:04  Pylon  
  15  4:10  Photon Cannon  
  15  4:12  Photon Cannon  
  15  4:17  Pylon  
  15  4:25  Photon Cannon  
  15  5:11  Nexus  
  15  5:24  Photon Cannon  
  15  5:27  Photon Cannon  
  15  5:30  Pylon  
  14  5:45  Probe (Chrono Boost)  
  15  5:55  Probe (Chrono Boost)  
  16  6:00  Probe (Chrono Boost)  
  17  6:08  Assimilator  
  17  6:12  Probe (Chrono Boost)  
  17  6:17  Pylon  
  18  6:20  Assimilator  
  18  6:21  Probe (Chrono Boost)  
  19  6:25  Probe (Chrono Boost)  
  19  6:32  Gateway  
  20  6:39  Probe (Chrono Boost)  
  21  6:43  Probe (Chrono Boost)  
  22  6:53  Probe (Chrono Boost)  
  23  6:58  Probe (Chrono Boost)  
  23  7:00  Photon Cannon  
  24  7:05  Photon Cannon  
  24  7:14  Photon Cannon  
  24  7:24  Photon Cannon  
  24  7:31  Photon Cannon  
  24  7:42  Photon Cannon  
  24  7:48  Photon Cannon  
  24  7:52  Probe (Chrono Boost)  
  25  8:02  Probe (Chrono Boost)  
  26  8:07  Photon Cannon  
  26  8:09  Photon Cannon  
  27  8:26  Assimilator  
Show
View Real Time Build Order
Export as new Build Order

antagomiR Protoss 

Build Orders:  

Get SALT Encoding   

  12  0:01  Probe  
  13  0:16  Pylon  
  13  0:20  Probe  
  14  0:32  Probe  
  15  0:44  Gateway  
  15  0:49  Probe  
  16  0:56  Assimilator  
  16  1:01  Probe  
  17  1:13  Probe  
  18  1:25  Probe, Gateway  
  19  1:41  Probe  
  20  2:08  Assimilator  
  20  2:09  Probe  
  21  2:21  Probe  
  22  2:30  Cybernetics Core  
  22  2:33  Probe  
  23  2:53  Gateway  
  23  3:50  Probe  
  23  3:51  Stalker (Chrono Boost)  
  22  3:59  Stalker (Chrono Boost)  
  22  4:00  Stalker (Chrono Boost)  
  22  4:02  Probe  
  21  4:14  Probe  
  22  4:26  Probe  
  16  4:38  Probe  
  16  4:43  Stalker x3  
  22  4:53  Probe  
  20  5:06  Probe  
  17  5:31  Probe  
  16  5:44  Probe  
  13  5:56  Probe  
  13  6:08  Probe  
  13  6:20  Probe  
  14  6:32  Probe  
  14  6:41  Stalker (Chrono Boost)  
Tags
 
Matchup
PvP
Replay Pack
20200422
Spawn Locations
Cross Positions
Add a new tag
Caveats
  • Supply blocks, unpowered buildings, or Contaminate may cause inaccurate times.
  • Supply counts are checked every 10 seconds.